 Dungeon Crawl Stone Soup version 0.20.1-1-g8b1a95d (webtiles) character file.

1057797 markt42 the Skullcrusher (level 27, -30/224 HPs)
             Began as a Gargoyle Fighter on Oct 27, 2017.
             Was the Champion of Okawaru.
             Killed from afar by a Hell Sentinel (38 damage)
             ... with damnation
             ... on level 7 of the Iron City of Dis on Oct 29, 2017.
             The game lasted 03:37:12 (94542 turns).

markt42 the Skullcrusher (Gargoyle Fighter)        Turns: 94542, Time: 03:37:12

Health: -30/224    AC: 62    Str: 46    XL:     27
Magic:  0/31       EV: 23    Int:  5    God:    Okawaru [******]
Gold:   14052      SH: 40    Dex: 24    Spells: 26/26 levels left

rFire    + + +     SeeInvis +   s - +10 eveningstar of the Invisible Beds {drain, rF+ Dex+3}
rCold    + + .     Gourm    .   u - +8 large shield of the Curious Shrikes {rF++ rC- rCorr}
rNeg     + + +     Faith    .   M - +11 crystal plate armour "Utton" {Int+2}
rPois    ∞         Spirit   +   i - +2 hat of the Bear Spirit {Spirit, +Rage rN+ MR++}
rElec    +         Reflect  .   w - scarf of the Princeling {rC++ Dex+3 Stlth-}
rCorr    +         Harm     .   q - -6 pair of gloves of the Arcane {rElec MR+ Str+3}
MR       +++++     Clarity  +   Q - +2 pair of boots {run}
Stlth    ..........             Z - amulet of Agnosticism {*Contam rN+ Regen+ Str+7 SInv}
Regen    1.3/turn               F - ring of Xom's Capriciousness {rN++ Str+6 Int-3 Stlth+}
MPRegen  0.3/turn               S - ring "Duriyr" {rF+ MR+ Str+7 Dex+2 SInv}

@: flying, studying 3 skills, quick
A: big wings, rugged brown scales 1, thin metallic scales 2, blurry vision 2,
clarity, clumsy 1, cold resistance 1, deformed body, dopey 2, low mp 2, magic
resistance 1, negative energy resistance 1, sense surroundings 1, regeneration
1, robust 1, screaming 1, electricity resistance, unbreathing, petrification
resistance, rot immunity, subdued magic 1, MP-powered wands, AC +20
}: 8/15 runes: serpentine, barnacled, slimy, silver, obsidian, icy, bone,
abyssal
a: Stop Flying, Heroism, Finesse, Renounce Religion, Evoke Berserk Rage


You were on level 7 of the Iron City of Dis.
You worshipped Okawaru.
Okawaru was exalted by your worship.
You were not hungry.

You visited 17 branches of the dungeon, and saw 83 of its levels.
You visited the Abyss 3 times.
You visited 1 ziggurat, and saw 13 of its levels.
You also visited: Labyrinth, Sewer and Ice Cave.

You collected 15967 gold pieces.
You spent 1915 gold pieces at shops.

Inventory:

Hand Weapons
 s - the +10 eveningstar of the Invisible Beds (weapon) {drain, rF+ Dex+3}
   (Okawaru gifted it to you on level 4 of the Snake Pit)

   A truly terrible weapon, it drains the life of those it strikes.
   It affects your dexterity (+3).
   It protects you from fire.
Armour
 c - the +12 chain mail of the Chupacabra {Dex+7}
   (You found it on level 7 of Tartarus)

   It affects your dexterity (+7).
 i - the +2 hat of the Bear Spirit (worn) {Spirit, +Rage rN+ MR++}
   (You found it on level 7 of Gehenna)

   It protects you from negative energy.
   It affects your resistance to hostile enchantments.
   It lets you go berserk.
 q - the -6 pair of gloves of the Arcane (worn) {rElec MR+ Str+3}
   (Okawaru gifted it to you on level 6 of the Iron City of Dis)

   It affects your strength (+3).
   It insulates you from electricity.
   It affects your resistance to hostile enchantments.
 u - the +8 large shield of the Curious Shrikes (worn) {rF++ rC- rCorr}
   (Okawaru gifted it to you on level 7 of the Iron City of Dis)

   It greatly protects you from fire.
   It makes you vulnerable to cold.
   It protects you from acid and corrosion.
 w - the scarf of the Princeling (worn) {rC++ Dex+3 Stlth-}
   (Okawaru gifted it to you on level 2 of the Elven Halls)

   It affects your dexterity (+3).
   It greatly protects you from cold.
   It makes you less stealthy.
 M - the +11 crystal plate armour "Utton" (worn) {Int+2}
   (Okawaru gifted it to you on level 5 of the Depths)

   It affects your intelligence (+2).
 Q - a +2 pair of boots of running (worn)
Jewellery
 l - an uncursed amulet of guardian spirit
 v - the amulet of False Pretenses {*Drain +Rage rPois Int+7, unknown}
   (You found it on level 7 of the Iron City of Dis)

   [amulet of rage]

   It affects your intelligence (+7).
   It protects you from poison.
   It lets you go berserk.
   It causes draining when unequipped.
 F - the ring of Xom's Capriciousness (left hand) {rN++ Str+6 Int-3 Stlth+}
   (You found it on level 3 of the Crypt)

   [ring of stealth]

   It affects your strength (+6).
   It affects your intelligence (-3).
   It greatly protects you from negative energy.
   It makes you more stealthy.
 O - the ring of Robustness {AC+8}
   (You found it on level 3 of the Crypt)

   [ring of protection]

   It affects your AC (+8).
 S - the ring "Duriyr" (right hand) {rF+ MR+ Str+7 Dex+2 SInv}
   (You found it on level 10 of a ziggurat)

   [ring of see invisible]

   It affects your strength (+7).
   It affects your dexterity (+2).
   It protects you from fire.
   It affects your resistance to hostile enchantments.
   It lets you see invisible.
 Z - the amulet of Agnosticism (around neck) {*Contam rN+ Regen+ Str+7 SInv}
   (You found it on level 3 of the Crypt)

   [amulet of regeneration]

   It affects your strength (+7).
   It protects you from negative energy.
   It lets you see invisible.
   It causes magical contamination when unequipped.
   It increases your rate of regeneration.
Wands
 a - a wand of disintegration (0/24)
 o - a wand of lightning (4/15)
 p - a wand of iceblast (7/15)
 r - a wand of clouds (2/9)
 x - a wand of confusion (8/48)
 y - a wand of digging (8/24)
 C - a wand of acid (8/15)
 G - a wand of scattershot (0/9)
 N - a wand of confusion (20/48)
Scrolls
 b - 15 scrolls of magic mapping
 d - a scroll of identify
 e - 28 scrolls of remove curse
 g - 5 scrolls of enchant armour
 h - 12 scrolls of teleportation
 j - 12 scrolls of fog
 k - 5 scrolls of fear
 m - 10 scrolls of recharging
 E - 15 scrolls of amnesia
 K - 5 scrolls of brand weapon
 T - 4 scrolls of enchant weapon
 W - a scroll of summoning
Potions
 A - 5 potions of cancellation
 B - a potion of resistance
 H - a potion of invisibility
 I - 9 potions of magic
 P - 11 potions of brilliance
Books
 n - a manual of Unarmed Combat
 V - a manual of Axes
 X - a manual of Throwing
Comestibles
 f - 23 bread rations
 t - 46 fruits
 J - 11 royal jellies


   Skills:
 O Level 27 Fighting
 O Level 27 Maces & Flails
 O Level 27 Armour
 + Level 16.3 Dodging
 O Level 27 Shields
 + Level 0.4 Invocations
 + Level 25.0 Evocations


You had 26 spell levels left.
You didn't know any spells.

Dungeon Overview and Level Annotations

Branches:
Dungeon (15/15)            Temple (1/1) D:6            Lair (6/6) D:11
 Shoals (4/4) Lair:2        Snake (4/4) Lair:2        Slime (5/5) Lair:6
    Orc (2/2) D:9             Elf (3/3) Orc:2        Vaults (5/5) D:13
  Crypt (3/3) Vaults:3       Tomb (2/3) Crypt:3      Depths (5/5) D:15
   Hell (1/1)                 Dis (7/7) Hell            Geh (7/7) Hell
    Coc (7/7) Hell            Tar (7/7) Hell            Zot (0/5) Depths:5

Altars:
Ashenzari
Cheibriados
Dithmenos
Elyvilon
Fedhas
Gozag
Hepliaklqana
Kikubaaqudgha
Makhleb
Nemelex Xobeh
Okawaru
Qazlal
Ru
Sif Muna
Trog
Uskayaw
Vehumet
Xom
Yredelemnul
Zin
The Shining One

Shops:
D:9 *   D:13 !?[%   Orc:2 !}!*   Elf:1 ?*   Snake:1 =   Vaults:3 *
Depths:3 [*[

Portals:
Hell: Depths:1 Depths:2 Depths:3 Depths:4 Depths:5
Abyss: Depths:1 Depths:4
Pandemonium: Depths:1 Depths:3


Innate Abilities, Weirdness & Mutations

You are resistant to torment.
Your stone body is resilient. (AC +20)
You are immune to poison.
Your large and strong wings let you fly indefinitely.
You resist negative energy. (rN+)
You are resistant to electric shocks. (rElec)
You can survive without breathing.
You are immune to petrification.
You are immune to rotting.
You are partially covered in rugged brown scales. (AC +1, +3% HP)
You are mostly covered in thin metallic scales. (AC +3)
Scrolls take you longer to read.
You possess an exceptional clarity of mind.
You are clumsy. (Dex -2)
Your flesh is cold resistant. (rC+)
Armour fits poorly on your strangely shaped body.
You are very dopey. (Int -4)
Your magical capacity is very low. (-20% MP)
You are resistant to hostile enchantments. (MR+)
You passively map a small area around you.
Your natural rate of healing is unusually fast.
You are robust. (+10% HP)
You occasionally shout uncontrollably at your foes.
Your spells are a little easier to cast, but a little less powerful.
You expend magic power (3 MP) to strengthen your wands.


Message History

The sphere of damnation explodes!
The damnation engulfs you!
* * * LOW HITPOINT WARNING * * *
The balrug gestures at you.
The bolt of fire hits the Hell Sentinel.
The Hell Sentinel completely resists.
The bolt of fire misses you.
Unknown command.
Okay, then.
The Ice Fiend calls on the powers of darkness!
You feel a surge of unholy energy.
Okay, then.
Okay, then.
Okay, then.
Evoke which item? (* to show all) (? for menu, Esc to quit)
Okay, then.
Okay, then.
The Brimstone Fiend calls on the powers of darkness!
You feel a surge of unholy energy. The Hell Sentinel gestures at you.
The sphere of damnation explodes!
The damnation engulfs you!
You die...

######### #######################
#...##...
.......8...1.8.....#88###........
...)........2..12..#..#..........
##''############1..#..#.#........
#''* * *#...#..#.#........ #...,*
, * #...#).#.#........ '... , , ,
#...#..#.......... '..2,
#@#.#..###........ #..1 *
#...#..#.......... ##.. ,
*#.#.#.)#..#....... ,,,
#...#..#..#......) * *
#...#..#.......... , ,,
#...#..####....... , , ,
#.#.#..#.......... *
#..)#..#..#....... ,,
*#.#.#..#..#.......


You could see a Hell Sentinel, a Brimstone Fiend and a balrug.

Vanquished Creatures
  Antaeus (Coc:7)
  Asmodeus (Geh:7)
  the Royal Jelly (Slime:5)
  Ereshkigal (Tar:7)
  the Serpent of Hell (Dis:7)
  The ghost of feelmyfire the Ruinous, a legendary DEFE of Vehumet (Depths:5)
  Mara (Tomb:1)
  5 ancient liches
  The ghost of Thaneod the Conqueror, a legendary MiFi of the Shining One (Dis:7)
  4 juggernauts
  2 greater mummies (Tomb:1)
  Boris (Crypt:2)
  Bai Suzhen (Crypt:3)
  Sojobo (Crypt:2)
  Saint Roka (Vaults:1)
  9 shard shrikes (Coc:7)
  A curse toe (Crypt:3)
  Xtahua (Vaults:5)
  Vashnia (Snake:4)
  4 caustic shrikes
  Geryon (Hell)
  The ghost of Jazqa the Slayer, an adept MiBe of Trog (Vaults:5)
  Nikola (Depths:1)
  5 golden dragons
  Jory (Vaults:5)
  15 bone dragons
  35 Tzitzimimeh
  10 doom hounds
  Jorgrun (Shoals:4)
  5 iron giants
  20 Brimstone Fiends
  17 Ice Fiends
  15 liches
  7 tentacled monstrosities
  5 Hell Sentinels (Dis:7)
  2 deep elf master archers (Elf:3)
  2 deep elf blademasters
  6 quicksilver dragons
  5 titans
  Asterion (Snake:2)
  38 acid blobs
  Polyphemus (Shoals:4)
  5 Executioners
  16 sphinxes
  4 eldritch tentacles
  A sphinx (shapeshifter) (Zig:13)
  21 ancient champions
  8 storm dragons
  4 tentacled starspawn
  8 revenants
  11 tengu reavers
  7 shadow dragons
  Ilsuiw (Shoals:4)
  5 nagarajas (Snake:4)
  31 azure jellies
  A draconian monk (Depths:5)
  Kirke (Lair:6)
  9 deep elf sorcerers
  17 fire giants
  Aizul (Snake:4)
  20 frost giants
  2 iron dragons
  2 ghost moths (Zig:11)
  A caustic shrike zombie (Zig:9)
  6 orc warlords
  16 vault wardens
  10 ghouls
  12 balrugs
  A curse skull (Crypt:3)
  Louise (Shoals:3)
  6 cacodemons
  6 deep elf elementalists
  22 ironheart preservers
  An angel (Abyss:4)
  A draconian annihilator (Depths:5)
  16 war gargoyles
  A juggernaut skeleton (Zig:9)
  27 stone giants
  53 reapers
  2 elemental wellsprings (Coc:7)
  12 entropy weavers
  2 ophanim (Abyss:4)
  2 black draconians (Depths:5)
  20 very ugly things
  17 vampire knights
  The ghost of profreshinal the Bludgeoner, a journeyman GrBe of Trog (Elf:2)
  10 deep elf demonologists
  186 slime creatures
  A purple draconian (Depths:5)
  A dire elephant (D:15)
  4 lorocyprocas
  9 spark wasps
  6 deep elf annihilators (Elf:3)
  4 white draconians
  11 eidola
  18 ettins
  Snorg (Lair:5)
  4 merfolk javelineers (Shoals:4)
  11 blizzard demons
  12 deep elf death magi
  A minotaur (shapeshifter) (Zig:12)
  A minotaur (Lab)
  A crystal guardian (Vaults:4)
  14 mummy priests
  11 death oozes
  13 merfolk impalers
  2 quicksilver dragon zombies
  6 deep elf high priests
  18 fire dragons
  12 jiangshi
  18 great orbs of eyes
  2 hell beasts (Dis:7)
  2 spriggan air magi
  3 quicksilver dragon skeletons
  2 spectral krakens (Tar:7)
  18 yaktaur captains
  The ghost of markt42 the Basher, a journeyman GrFi of Okawaru (IceCv)
  12 hydras
  2 alligator snapping turtles
  5 rakshasas
  39 vault guards
  28 naga warriors
  28 ice dragons
  A kraken zombie (Coc:7)
  2 catoblepae
  6 death knights
  18 anacondas
  3 merfolk aquamancers
  14 centaur warriors
  2 satyrs
  27 two-headed ogres
  3 merfolk avatars
  16 ogre magi
  57 dancing weapons
  5 death yaks
  9 deep troll shamans
  8 tengu warriors
  15 vampire magi
  9 orc high priests
  10 death scarabs
  8 deep troll earth magi
  Urug (D:10)
  10 shock serpents
  16 hell hogs
  13 spriggan berserkers
  30 hell knights
  15 thrashing horrors
  18 naga sharpshooters
  3 storm dragon zombies
  5 titan zombies
  3 iron golems
  24 soul eaters
  Sonja (D:14)
  6 salamander mystics
  4 wretched stars (Abyss:4)
  7 titan skeletons
  22 deep elf knights
  2 sixfirhies
  14 sun demons
  4 fire crabs (shapeshifter)
  67 skeletal warriors
  4 spatial maelstroms (Abyss:4)
  5 shadow wraiths
  2 iron trolls
  2 unseen horrors
  2 cherubim (Abyss:4)
  37 deep trolls
  4 storm dragon skeletons
  A spriggan druid (Zig:4)
  5 golden dragon zombies
  3 ghost moth zombies
  11 glowing orange brains
  8 flayed ghosts
  11 sea snakes
  5 wizards
  A swamp dragon (Zig:4)
  8 deep elf archers
  A shambling mangrove (Zig:4)
  13 orc knights
  23 ironbrand convokers
  3 golden dragon skeletons
  7 anaconda zombies
  A glowing orange brain (shapeshifter) (Vaults:5)
  22 shadow demons
  A tengu zombie (Vaults:5)
  9 naga ritualists
  Pikel (D:7)
  An iron giant skeleton (Crypt:3)
  18 starcursed masses
  An obsidian statue (Depths:1)
  15 phantasmal warriors
  5 shadow dragon zombies
  7 anaconda skeletons
  A lindwurm (Lair:6)
  4 wolf spider zombies
  A sphinx zombie (Hell)
  3 orb spiders (shapeshifter)
  6 stone giant zombies
  27 harpies
  22 necromancers
  A mana viper (shapeshifter) (Depths:2)
  7 orc sorcerers
  49 ugly things
  2 orb spiders (Zig:11)
  7 salamanders
  5 shadow dragon skeletons
  A harpy (shapeshifter) (Depths:3)
  13 mana vipers
  4 frost giant zombies
  67 deep elf magi
  2 moths of wrath (Zig:11)
  2 oklob plants
  8 cyclopes
  13 manticores
  8 shining eyes
  6 fire giant zombies
  8 wolf spiders
  3 worldbinders
  4 elephants (Lair:3)
  7 fauns
  2 frost giant skeletons (Geh:7)
  8 iron dragon zombies
  8 merfolk sirens
  An elephant (shapeshifter) (Vaults:1)
  2 manticores (shapeshifter)
  A stone giant skeleton (Tar:7)
  13 guardian serpents
  27 naga magi
  4 fire giant skeletons
  3 shock serpent zombies
  4 apocalypse crabs
  9 vault sentinels
  19 spiny frogs
  10 eyes of devastation
  A torpor snail (shapeshifter) (Zig:12)
  5 dire elephant zombies
  7 water nymphs
  A water nymph (shapeshifter) (Depths:4)
  8 molten gargoyles
  3 torpor snails
  2 ice statues
  13 smoke demons
  2 gargoyles
  39 rust devils
  3 dire elephant skeletons
  3 shock serpent skeletons
  2 spiny frogs (shapeshifter)
  5 storm dragon simulacra (Coc:7)
  48 black mambas
  2 eyes of devastation (shapeshifter)
  7 orange demons
  A pale draconian zombie (Crypt:2)
  5 titan simulacra
  2 rime drakes (shapeshifter) (Depths:4)
  A yellow draconian zombie (Crypt:3)
  An emperor scorpion zombie (Dis:3)
  33 hellions
  8 rime drakes
  10 spectral swamp worms (Tar:7)
  4 spriggan skeletons
  A ghost moth simulacrum (Coc:7)
  2 yaktaur zombies (Hell)
  A catoblepas zombie (Tar:7)
  3 efreet (Abyss:4)
  20 freezing wraiths
  5 komodo dragons
  61 yaktaurs
  11 small abominations
  21 guardian mummies
  16 red devils
  33 tormentors
  A death yak skeleton (Crypt:2)
  3 demonic crawlers
  32 ice devils
  12 hydra zombies
  A queen bee (shapeshifter) (Vaults:4)
  22 trolls
  31 merfolk
  4 anaconda simulacra
  6 tengu conjurers
  3 yaktaurs (shapeshifter)
  5 harpy zombies
  4 ancient zymes (Abyss:4)
  2 human skeletons
  A death drake zombie (Crypt:3)
  3 silent spectres (Tar:7)
  A troll (shapeshifter) (Depths:4)
  A tyrant leech (Zig:4)
  A tengu simulacrum (Vaults:3)
  A meliai (shapeshifter) (Vaults:1)
  5 wind drakes
  4 jumping spiders
  22 polar bears
  6 hornets
  18 raiju
  5 hydra skeletons
  A slime creature (shapeshifter) (Vaults:2)
  6 snapping turtles
  18 blink frogs
  11 dream sheep
  A deep troll zombie (Hell)
  9 ice dragon zombies
  2 bog bodies (Crypt:2)
  A fire giant simulacrum (Coc:7)
  4 ettin zombies
  A stone giant simulacrum (Coc:7)
  12 hippogriffs
  3 alligator zombies
  11 fire dragon zombies
  10 shadows
  2 fire dragon skeletons
  5 air elementals
  2 black mamba zombies
  5 ettin skeletons
  81 flying skulls
  2 tarantellas (shapeshifter)
  3 tarantellas
  4 vampires
  3 ynoxinuls
  4 redbacks
  2 spriggans
  23 water elementals
  30 wraiths
  3 fire bats (Lair:2)
  4 ice dragon skeletons
  10 wyverns
  7 ushabtiu
  12 basilisks
  21 fire elementals
  3 hogs (Lair:6)
  2 black mamba skeletons
  15 golden eyes
  A human (shapeshifter) (Vaults:5)
  3 hungry ghosts
  Eustachio (D:4)
  2 basilisks (shapeshifter)
  58 yaks
  A human simulacrum (Vaults:3)
  3 steam dragons
  A gelid demonspawn zombie (Crypt:3)
  2 chaos spawn (Abyss:5)
  2 neqoxecs
  2 yaktaur simulacra
  4 spatial vortices (Abyss:4)
  A warg (shapeshifter) (Vaults:2)
  A merfolk zombie (Coc:7)
  A swamp worm (shapeshifter) (Vaults:5)
  8 wargs
  3 acid dragons
  A soldier ant (D:12)
  2 two-headed ogre zombies
  8 spiny frog zombies
  An infernal demonspawn skeleton (Crypt:1)
  77 nagas
  2 monstrous demonspawn skeletons
  2 floating eyes (shapeshifter)
  32 hell hounds
  25 water moccasins
  9 large abominations
  43 orc warriors
  6 porcupines
  2 floating eyes (Depths:2)
  8 sky beasts
  4 spiny frog skeletons
  A black bear (shapeshifter) (Depths:4)
  An ettin simulacrum (Vaults:3)
  16 eyes of draining
  2 manticore zombies
  6 human zombies
  A dream sheep zombie (Crypt:2)
  4 snapping turtle zombies
  4 black bears (Lair:3)
  13 boggarts
  An elf zombie (Vaults:3)
  4 ice beasts
  50 ogres
  4 phantoms
  40 wolves
  4 snapping turtle skeletons
  14 necrophages
  13 crocodiles
  17 centaurs
  4 big kobolds
  6 earth elementals
  20 bullfrogs
  A glowing shapeshifter simulacrum (Vaults:4)
  A bullfrog (shapeshifter) (Depths:2)
  3 spiny frog simulacra
  A wyvern zombie (D:10)
  4 scorpions
  A shapeshifter zombie (Crypt:2)
  A water moccasin skeleton (D:5)
  4 troll zombies
  14 killer bees
  A warg zombie (Crypt:1)
  A troll skeleton (Tar:4)
  59 wights
  6 electric eels
  3 howler monkeys
  A wolf zombie (Crypt:3)
  A basilisk zombie (Crypt:1)
  2 bullfrog zombies
  24 crimson imps
  2 quasits
  4 lava snakes (Lair:6)
  5 hounds
  21 orc priests
  17 jellies
  A black bear zombie (Crypt:3)
  18 orc wizards
  2 bullfrog skeletons
  9 centaur skeletons
  26 iron imps
  Jessica (D:2)
  3 iguanas
  A demonspawn skeleton (Crypt:1)
  A lightning spire (Zig:12)
  6 worker ants
  6 hell rats (Hell)
  A big kobold zombie (Crypt:2)
  4 ogre zombies (D:9)
  A tengu skeleton (Tar:4)
  A big kobold skeleton (Crypt:2)
  A hound zombie (D:11)
  A hound skeleton (Crypt:1)
  30 mummies
  A worker ant zombie (D:7)
  2 howler monkey skeletons
  13 adders
  A river rat (Sewer)
  10 shadow imps
  A steam dragon skeleton (Crypt:1)
  6 white imps
  An adder zombie (D:5)
  An adder skeleton (D:5)
  7 worms
  2 dart slugs
  7 leopard geckos
  50 orcs
  4 bats
  7 giant cockroaches
  5 goblins
  7 hobgoblins
  15 jackals
  20 kobolds
  5 quokkas
  6 ball pythons
  3 frilled lizards
  A giant cockroach zombie (Crypt:2)
  A goblin skeleton (D:9)
  3 goblin zombies (D:9)
  3 hobgoblin zombies (D:9)
  A jackal zombie (D:7)
  An orc skeleton (D:9)
  17 orc zombies (D:9)
  A quokka skeleton (D:4)
  2 quokka zombies (D:5)
  14 rats
  A spectral orc (D:5)
  A bush (Shoals:1)
  4 crawling corpses
  2 fire vortices (Depths:5)
  A plant (Lair:5)
  A starspawn tentacle (Abyss:4)
  6 tentacles
4250 creatures vanquished.

Vanquished Creatures (others)
  An ancient champion (Dis:2)
  An Executioner (Dis:7)
  3 eldritch tentacles
  A fire giant (Vaults:5)
  A bennu (Tomb:2)
  A starcursed mass (Abyss:4)
  A vampire knight (Dis:7)
  A stone giant (Vaults:4)
  A quicksilver dragon zombie (Geh:7)
  A mummy priest (Tomb:2)
  A great orb of eyes (Depths:4)
  15 death scarabs (Tomb:2)
  A hell hog (Geh:7)
  A shadow demon (Tar:7)
  A skeletal warrior (Coc:7)
  A harpy (Shoals:2)
  An orb spider (Zig:11)
  2 fire giant zombies (Geh:7)
  A tormentor (Dis:7)
  A hellion (Dis:7)
  A red devil (Depths:1)
  A wraith (Dis:2)
  2 humans (Lair:6)
  A naga (Snake:1)
  A floating eye (shapeshifter) (Zig:13)
  2 boggarts
  A crocodile (Lair:2)
  A wight (Geh:1)
  2 orc wizards
  An iron imp (Dis:7)
  A hell rat (Hell)
  3 mummies (Tomb:2)
  A white imp (Coc:7)
  3 bushes
  2 fungi (Lair:1)
  2 lurking horrors
  11 plants
  6 starspawn tentacles
  39 tentacles
  16 toadstools (Lair:5)
134 creatures vanquished.

Grand Total: 4384 creatures vanquished

Notes
Turn   | Place    | Note
-------+----------+-------------------------------------------
     0 | D:1      | markt42 the Gargoyle Fighter began the quest for the Orb.
     0 | D:1      | Reached XP level 1. HP: 14/14 MP: 1/1
     2 | D:1      | Noticed a spriggan
     4 | D:1      | Noticed an ogre
     6 | D:1      | Noticed a felid
     6 | D:1      | Noticed a centaur
     8 | D:1      | Noticed a vampire
    10 | D:1      | Noticed a gargoyle
    12 | D:1      | Noticed a human
    12 | D:1      | Noticed a demonspawn
    14 | D:1      | Noticed an octopode
    14 | D:1      | Noticed a formicid
    16 | D:1      | Noticed a merfolk
    16 | D:1      | Noticed a halfling
    18 | D:1      | Noticed a minotaur
    18 | D:1      | Noticed a tengu
    20 | D:1      | Noticed a dwarf
    20 | D:1      | Noticed a draconian
    22 | D:1      | Noticed a ghoul
    22 | D:1      | Noticed a troll
    24 | D:1      | Noticed a vine stalker
    24 | D:1      | Noticed an elf
    26 | D:1      | Noticed a demigod
    26 | D:1      | Noticed a naga
   360 | D:1      | Reached XP level 2. HP: 18/19 MP: 2/2
   615 | D:1      | Found a sparkling altar of Nemelex Xobeh.
   962 | D:2      | Reached XP level 3. HP: 23/23 MP: 3/3
  1062 | D:2      | Found a deep blue altar of Sif Muna.
  1108 | D:2      | Noticed Jessica
  1112 | D:2      | Killed Jessica
  1112 | D:2      | Reached XP level 4. HP: 26/28 MP: 4/4
  1970 | D:3      | Reached XP level 5. HP: 33/33 MP: 5/5
  2183 | D:4      | Found a glowing drain.
  2211 | Sewer    | Entered a sewer
  2378 | Sewer    | Noticed a big kobold
  2416 | Sewer    | Killed a big kobold
  2503 | Sewer    | Found a white marble altar of Elyvilon.
  2541 | Sewer    | Gained mutation: You are partially covered in thin metallic scales. (AC +2) [potion of mutation]
  2541 | Sewer    | Gained mutation: You are resistant to hostile enchantments. (MR+) [potion of mutation]
  2541 | Sewer    | Gained mutation: You are robust. (+10% HP) [potion of mutation]
  2542 | Sewer    | Lost mutation: You are resistant to hostile enchantments. (MR+) [potion of mutation]
  2542 | Sewer    | Gained mutation: You are very robust. (+20% HP) [potion of mutation]
  2542 | Sewer    | Lost mutation: You are very robust. (+20% HP) [potion of mutation]
  2542 | Sewer    | Gained mutation: You are mostly covered in thin metallic scales. (AC +3) [potion of mutation]
  2786 | D:4      | Noticed Eustachio
  2788 | D:4      | Found a bloodstained altar of Trog.
  2888 | D:4      | Killed Eustachio
  2888 | D:4      | Reached XP level 6. HP: 20/41 MP: 6/6
  3206 | D:4      | Reached skill level 5 in Armour
  3262 | D:4      | Found a snail-covered altar of Cheibriados.
  3357 | D:5      | Entered Level 5 of the Dungeon
  3381 | D:5      | Reached XP level 7. HP: 44/47 MP: 7/7
  3560 | D:5      | Reached skill level 5 in Maces & Flails
  3763 | D:5      | Got a smoking mace
  3764 | D:5      | Identified the +1 mace "Spiderslayer" {crush, rC+ Str+3} (You found it on level 5 of the Dungeon)
  4247 | D:5      | Found a basalt altar of Yredelemnul.
  4337 | D:5      | Reached skill level 1 in Dodging
  4337 | D:5      | Reached skill level 5 in Shields
  4405 | D:6      | Found a staircase to the Ecumenical Temple.
  4422 | Temple   | Entered the Ecumenical Temple
  4630 | Temple   | Became a worshipper of Warmaster Okawaru
  4810 | D:6      | Reached XP level 8. HP: 47/52 MP: 8/8
  4862 | D:6      | Found a white marble altar of Elyvilon.
  5733 | D:7      | Reached * piety under Okawaru
  5884 | D:7      | Found a hide-covered altar of Uskayaw.
  5888 | D:7      | Noticed a dagger
  5889 | D:7      | Noticed a hand axe
  6040 | D:7      | Reached skill level 5 in Fighting
  6040 | D:7      | Reached XP level 9. HP: 59/59 MP: 9/9
  6073 | D:7      | Noticed Pikel
  6088 | D:7      | Killed Pikel
  6088 | D:7      | Reached ** piety under Okawaru
  7332 | D:8      | Reached *** piety under Okawaru
  7486 | D:8      | Reached XP level 10. HP: 51/64 MP: 7/10
  7594 | D:8      | Gained mutation: Your natural rate of healing is unusually fast. [mutagenic meat]
  7595 | D:8      | Gained mutation: Your spells are a little harder to cast, but a little more powerful. [mutagenic meat]
  7596 | D:8      | Gained mutation: You are resistant to hostile enchantments. (MR+) [mutagenic meat]
  7597 | D:8      | Gained mutation: You occasionally shout uncontrollably at your foes. [mutagenic meat]
  7598 | D:8      | Gained mutation: You are partially covered in rugged brown scales. (AC +1, +3% HP) [mutagenic meat]
  7626 | D:9      | Noticed a two-headed ogre
  7642 | D:9      | Killed a two-headed ogre
  7642 | D:9      | Reached skill level 10 in Maces & Flails
  7815 | D:9      | Reached **** piety under Okawaru
  8261 | D:9      | Found a staircase to the Orcish Mines.
  8514 | D:9      | Found an opulent altar of Gozag.
  8516 | D:9      | Found Gozag's Platinum Reserve.
  9162 | D:10     | Entered Level 10 of the Dungeon
  9167 | D:10     | Reached XP level 11. HP: 62/72 MP: 9/11
  9275 | D:10     | Reached ***** piety under Okawaru
  9867 | D:10     | Noticed Urug
  9876 | D:10     | Killed Urug
 10636 | D:11     | Noticed a two-headed ogre
 10645 | D:11     | Killed a two-headed ogre
 10681 | D:11     | Noticed a manticore
 10726 | D:11     | Reached skill level 10 in Armour
 10750 | D:11     | Received a gift from Okawaru
 10773 | D:11     | Noticed a two-headed ogre
 10803 | D:11     | Killed a two-headed ogre
 10816 | D:11     | Killed a manticore
 10823 | D:11     | Noticed a two-headed ogre
 10839 | D:11     | Killed a two-headed ogre
 11078 | D:11     | Found a staircase to the Lair.
 11263 | Lair:1   | Entered Level 1 of the Lair of Beasts
 11272 | Lair:1   | Reached XP level 12. HP: 72/81 MP: 10/12
 11471 | Lair:1   | Reached skill level 10 in Shields
 11629 | Lair:1   | Noticed a four-headed hydra
 11822 | Lair:1   | Killed a four-headed hydra
 12101 | Lair:1   | Reached ****** piety under Okawaru
 12585 | Lair:2   | Noticed an eight-headed hydra
 12596 | Lair:2   | Received a gift from Okawaru
 12602 | Lair:2   | Killed an eight-headed hydra
 12707 | Lair:2   | Cast into level 2 of the Abyss (a distortion unwield)
 12707 | Abyss:2  | Found a corrupted altar of Lugonu.
 12769 | Abyss:2  | Noticed a starcursed mass
 12791 | Abyss:2  | Noticed a tentacled starspawn
 13114 | Lair:2   | Escaped the Abyss
 13172 | Lair:2   | Found a staircase to the Shoals.
 13256 | Lair:2   | Found a staircase to the Snake Pit.
 13506 | Lair:2   | Noticed an eight-headed hydra
 13519 | Lair:2   | Killed an eight-headed hydra
 13901 | Lair:2   | Reached XP level 13. HP: 73/88 MP: 10/13
 14337 | Lair:3   | Received a gift from Okawaru
 14338 | Lair:3   | Got a smoking robe {god gift}
 14339 | Lair:3   | Identified the +0 robe of the Thinker {rPois} (Okawaru gifted it to you on level 3 of the Lair of Beasts)
 14551 | Lair:3   | Found a white marble altar of Elyvilon.
 14966 | Lair:3   | Found a frozen archway.
 14991 | IceCv    | Entered an ice cave
 15495 | IceCv    | Noticed markt42's ghost (journeyman GrFi)
 15578 | IceCv    | Killed markt42's ghost
 16062 | IceCv    | Received a gift from Okawaru
 16228 | IceCv    | Noticed a white draconian
 16268 | IceCv    | Killed a white draconian
 16355 | IceCv    | Gained mutation: Your large and strong wings let you fly indefinitely. [Gargoyle growth]
 16355 | IceCv    | Reached XP level 14. HP: 62/97 MP: 9/14
 17172 | Lair:3   | Received a gift from Okawaru
 17757 | Lair:4   | Found a labyrinth entrance.
 17772 | Lab      | Entered a labyrinth
 18294 | Lair:4   | Reached skill level 15 in Maces & Flails
 18615 | Lair:4   | Identified a scroll of acquirement
 18616 | Lair:4   | Got a pair of fine boots
 18627 | Lair:4   | Identified the +0 pair of boots of Liberalism {rPois rN+++ Int-3 Dex-5} (You acquired it on level 4 of the Lair of Beasts)
 18792 | Lair:5   | Noticed Snorg
 18835 | Lair:5   | Killed Snorg
 19231 | Lair:5   | Got a heavily runed shield
 19242 | Lair:5   | Identified the +0 shield of the Carpenter {rC+ Str+2} (You acquired it on level 5 of the Lair of Beasts)
 19542 | Lair:5   | Found a blossoming altar of Fedhas.
 19826 | Lair:6   | Entered Level 6 of the Lair of Beasts
 19838 | Lair:6   | Found a staircase to the Slime Pits.
 19857 | Lair:6   | Received a gift from Okawaru
 19857 | Lair:6   | Reached skill level 10 in Fighting
 20464 | Lair:6   | Noticed Kirke
 20504 | Lair:6   | Killed Kirke
 20680 | Lair:6   | Reached XP level 15. HP: 86/105 MP: 12/15
 20790 | Lair:6   | Found a large runed door.
 20790 | Lair:6   | Found a large runed door.
 21535 | Lair:6   | Received a gift from Okawaru
 21536 | Lair:6   | Got a polished scale mail {god gift}
 21547 | Lair:6   | Identified the +1 scale mail of Sin {rC+++ rN+ Str-2 Int-3} (Okawaru gifted it to you on level 6 of the Lair of Beasts)
 21868 | Orc:1    | Entered Level 1 of the Orcish Mines
 22120 | Orc:1    | Noticed an orc warlord
 22418 | Orc:2    | Entered Level 2 of the Orcish Mines
 22425 | Orc:2    | Found a staircase to the Elven Halls.
 22501 | Orc:2    | Gained mutation: Your magical capacity is low. (-10% MP) [a neqoxec]
 22994 | Orc:2    | Found Dashrugag's General Store.
 23004 | Orc:2    | Found Delixac's Distillery.
 23021 | Orc:2    | Found Paoradd's Gadget Boutique.
 23027 | Orc:2    | Found Aloedag's Distillery.
 23131 | Orc:2    | Bought a potion of curing for 42 gold pieces
 23131 | Orc:2    | Bought a potion of might for 56 gold pieces
 23172 | Orc:2    | Bought a potion of curing for 45 gold pieces
 23172 | Orc:2    | Bought a potion of curing for 45 gold pieces
 23172 | Orc:2    | Bought a potion of haste for 150 gold pieces
 23177 | Orc:2    | Bought the +6 chain mail of Xudog {rF++ rCorr Str+4 Stlth-} for 787 gold pieces
 23177 | Orc:2    | Bought 2 potions of haste for 220 gold pieces
 23588 | Orc:1    | Noticed an orc warlord
 23623 | Orc:1    | Killed an orc warlord
 23623 | Orc:1    | Received a gift from Okawaru
 23887 | Orc:1    | Killed an orc warlord
 24211 | Elf:1    | Entered Level 1 of the Elven Halls
 24301 | Elf:1    | Found Ceretwakh's Commerce Corner.
 24371 | Elf:1    | Reached XP level 16. HP: 110/114 MP: 12/14
 24372 | Elf:1    | Received a gift from Okawaru
 24454 | Elf:1    | Lost mutation: Your spells are a little harder to cast, but a little more powerful. [a neqoxec]
 24455 | Elf:1    | Gained mutation: You evolve. [a neqoxec]
 25129 | Elf:1    | Found Laduyng's Magic Scroll Emporium.
 25367 | Elf:1    | Reached skill level 15 in Shields
 25743 | Elf:2    | Reached skill level 5 in Dodging
 25825 | Elf:2    | Received a gift from Okawaru
 26159 | Elf:2    | Noticed profreshinal's ghost (journeyman GrBe)
 26184 | Elf:2    | Killed profreshinal's ghost
 26474 | Elf:2    | Found a runed door.
 26501 | Elf:2    | Reached XP level 17. HP: 122/122 MP: 13/15
 26507 | Elf:2    | Found a runed door.
 26548 | Elf:2    | Received a gift from Okawaru
 26754 | Elf:2    | Gained mutation: You passively map a small area around you. [evolution]
 26802 | Elf:2    | Reached skill level 15 in Armour
 27565 | D:12     | Got a dazzling great sword
 27566 | D:12     | Identified the +6 great sword "Gomorom" {antimagic, rC++} (You found it on level 12 of the Dungeon)
 27858 | D:12     | Found a shattered altar of Ashenzari.
 28254 | D:13     | Found Viteil's Food Shop.
 28418 | D:13     | Found Nilawek's Distillery.
 28418 | D:13     | Found Meamowia's Magic Scroll Emporium.
 28470 | D:13     | Received a gift from Okawaru
 28531 | D:13     | Bought a potion of curing for 48 gold pieces
 28531 | D:13     | Bought a potion of curing for 48 gold pieces
 28531 | D:13     | Bought 2 potions of heal wounds for 160 gold pieces
 28531 | D:13     | Bought a potion of haste for 160 gold pieces
 28542 | D:13     | Bought a scroll of identify for 24 gold pieces
 28542 | D:13     | Bought a scroll of identify for 24 gold pieces
 28542 | D:13     | Bought a scroll of identify for 24 gold pieces
 28543 | D:13     | Found Pouph's Antique Armour Emporium.
 28610 | D:13     | Found a gate to the Vaults.
 28935 | D:14     | Noticed Sonja
 28943 | D:14     | Killed Sonja
 29232 | D:14     | Found a shadowy altar of Dithmenos.
 29609 | D:15     | Entered Level 15 of the Dungeon
 29686 | D:15     | Reached XP level 18. HP: 125/131 MP: 16/16
 30065 | Elf:2    | Got a smoking scarf {god gift}
 30076 | Elf:2    | Identified the scarf of the Princeling {rC++ Dex+3 Stlth-} (Okawaru gifted it to you on level 2 of the Elven Halls)
 30744 | D:15     | Found a staircase to the Depths.
 31174 | Snake:1  | Entered Level 1 of the Snake Pit
 31276 | Snake:1  | Received a gift from Okawaru
 31853 | Snake:1  | Found Pes Buorph's Jewellery Boutique.
 32164 | Snake:2  | Noticed Asterion
 32180 | Snake:2  | Killed Asterion
 33353 | Snake:2  | Gained mutation: Your flesh is cold resistant. (rC+) [evolution]
 33598 | Snake:3  | Reached XP level 19. HP: 129/138 MP: 17/17
 33624 | Snake:3  | Reached skill level 15 in Fighting
 33987 | Snake:3  | Received a gift from Okawaru
 34268 | Snake:4  | Entered Level 4 of the Snake Pit
 34568 | Snake:4  | Received a gift from Okawaru
 35103 | Snake:4  | Noticed Vashnia
 35178 | Snake:4  | Killed Vashnia
 35206 | Snake:4  | Received a gift from Okawaru
 35222 | Snake:4  | Got a warped eveningstar {god gift}
 35275 | Snake:4  | Identified the +10 eveningstar of the Invisible Beds {drain, rF+ Dex+3} (Okawaru gifted it to you on level 4 of the Snake Pit)
 35384 | Snake:4  | Noticed Aizul
 35418 | Snake:4  | Killed Aizul
 35621 | Snake:4  | Reached XP level 20. HP: 138/148 MP: 16/18
 35707 | Snake:4  | Got a serpentine rune of Zot
 36338 | Elf:3    | Entered Level 3 of the Elven Halls
 36371 | Elf:3    | Received a gift from Okawaru
 37309 | Elf:3    | Received a gift from Okawaru
 37842 | Elf:3    | Noticed a Tzitzimitl
 38196 | Elf:3    | Got a pitted granite ring
 38197 | Elf:3    | Got a transparent broad axe {flame}
 38198 | Elf:3    | Identified the +9 broad axe of Ginwomut {flame, rF+ rC- MR++ SInv} (You took it off a deep elf death mage on level 3 of the Elven Halls)
 38199 | Elf:3    | Identified the ring "Ahibuicidimn" {EV+4 SInv} (You took it off a deep elf death mage on level 3 of the Elven Halls)
 38237 | Elf:3    | Got a pair of faintly glowing gloves
 38242 | Elf:3    | Noticed a Brimstone Fiend
 38251 | Elf:3    | Identified the cursed -2 pair of gloves "Ujeisha" {*Contam rN+ Str+2} (You found it on level 3 of the Elven Halls)
 38274 | Elf:3    | Got a faintly glowing helmet
 38285 | Elf:3    | Identified the +3 helmet "Awapy" {rPois Int+5} (You acquired it on level 3 of the Elven Halls)
 38300 | Elf:3    | Identified the Handbook of Ashen Enhancements
 38305 | Elf:3    | Got a clouded garnet amulet
 38323 | Elf:3    | Identified the amulet of Syndicalism {Inacc rC+ Stlth+} (You found it on level 3 of the Elven Halls)
 38452 | Elf:3    | Lost mutation: Your magical capacity is low. (-10% MP) [mutagenic glow]
 38699 | Shoals:1 | Entered Level 1 of the Shoals
 38724 | Shoals:1 | Received a gift from Okawaru
 39166 | Shoals:1 | Gained mutation: You possess an exceptional clarity of mind. [evolution]
 39228 | Shoals:1 | Reached XP level 21. HP: 148/154 MP: 19/21
 40630 | Shoals:3 | Found a stormy altar of Qazlal.
 40637 | Shoals:3 | Noticed Louise
 40682 | Shoals:3 | Received a gift from Okawaru
 40688 | Shoals:3 | Killed Louise
 40695 | Shoals:3 | Got a faintly glowing mace {god gift}
 40698 | Shoals:3 | Identified the +5 mace of the Hidden Vale {crush, +Rage Str+2} (Okawaru gifted it to you on level 3 of the Shoals)
 41492 | Shoals:4 | Entered Level 4 of the Shoals
 41495 | Shoals:4 | Noticed Polyphemus
 41524 | Shoals:4 | Noticed Jorgrun
 41524 | Shoals:4 | Killed Polyphemus
 41544 | Shoals:4 | Killed Jorgrun
 41845 | Shoals:4 | Noticed Ilsuiw
 41879 | Shoals:4 | Received a gift from Okawaru
 41914 | Shoals:4 | Killed Ilsuiw
 42698 | Shoals:4 | Identified the Handbook of Venomous Curses
 42898 | Shoals:4 | Received a gift from Okawaru
 43122 | Shoals:4 | Got a smoking plate armour {god gift}
 43131 | Shoals:4 | Identified the +0 plate armour of the Evil One {+Fly Dex+4 Stlth+} (Okawaru gifted it to you on level 4 of the Shoals)
 43168 | Shoals:4 | Got a barnacled rune of Zot
 43486 | Vaults:1 | Entered Level 1 of the Vaults
 43756 | Vaults:1 | Reached XP level 22. HP: 163/163 MP: 22/22
 43762 | Vaults:1 | Paralysed by a floating eye for 3 turns
 44459 | Vaults:1 | Lost mutation: You occasionally shout uncontrollably at your foes. [evolution]
 44459 | Vaults:1 | Lost mutation: You evolve. [end of evolution]
 44817 | Vaults:1 | Noticed Saint Roka
 45235 | Vaults:1 | Killed Saint Roka
 45600 | Vaults:2 | Received a gift from Okawaru
 46968 | Vaults:3 | Received a gift from Okawaru
 47175 | Vaults:3 | Reached XP level 23. HP: 162/171 MP: 21/23
 47803 | Vaults:3 | Found a staircase to the Crypt.
 48007 | Vaults:3 | Found Rufeon's General Store.
 48020 | Vaults:3 | Bought a scroll of enchant armour for 82 gold pieces
 48708 | Vaults:4 | Received a gift from Okawaru
 49139 | Vaults:4 | Identified Sif Muna's Thaumaturgy Continued
 49355 | Vaults:4 | Found Ikior's Jewellery Shop.
 49712 | Slime:1  | Entered Level 1 of the Pits of Slime
 51113 | Slime:1  | Received a gift from Okawaru
 51407 | Slime:1  | Reached XP level 24. HP: 121/180 MP: 16/23
 51594 | Slime:1  | Received a gift from Okawaru
 51872 | Slime:3  | Gained mutation: Armour fits poorly on your strangely shaped body. [a shining eye]
 51877 | Slime:3  | Gained mutation: You are weak. (Str -2) [a shining eye]
 51879 | Slime:3  | Lost mutation: You are weak. (Str -2) [a shining eye]
 51884 | Slime:3  | Gained mutation: Your spells are a little easier to cast, but a little less powerful. [a shining eye]
 53425 | Slime:4  | Received a gift from Okawaru
 54114 | Slime:5  | Entered Level 5 of the Pits of Slime
 54371 | Slime:5  | Noticed the Royal Jelly
 56198 | Slime:5  | Killed the Royal Jelly
 56396 | Slime:4  | Gained mutation: Scrolls take you a little longer to read. [a shining eye]
 56911 | Slime:5  | Identified the Reference Book on Transmutation and the Mountains
 56925 | Slime:5  | Got a slimy rune of Zot
 57040 | Slime:5  | Identified the +7 bardiche of Fortitude {holy, *Drain rPois rC- Dex+7} (You found it on level 5 of the Pits of Slime)
 57062 | Slime:5  | Got a polished shield
 57073 | Slime:5  | Identified the +5 shield "Viwerred" {rPois rCorr} (You acquired it on level 5 of the Pits of Slime)
 57822 | Depths:1 | Entered Level 1 of the Depths
 57822 | Depths:1 | Noticed Nikola
 57833 | Depths:1 | Killed Nikola
 57843 | Depths:1 | Received a gift from Okawaru
 58046 | Depths:1 | Found a one-way gate to the infinite horrors of the Abyss.
 58131 | Depths:1 | Reached XP level 25. HP: 175/187 MP: 22/23
 58158 | Depths:1 | Found a one-way gate leading to the halls of Pandemonium.
 58459 | Depths:1 | Found a gateway to Hell.
 58924 | Depths:1 | Got a crystal flail {god gift}
 58925 | Depths:1 | Identified the +4 flail "Nosch" {venom, *Slow rElec rC++ Stlth+} (Okawaru gifted it to you on level 1 of the Depths)
 58972 | Depths:2 | Found a gateway to a ziggurat.
 58973 | Depths:2 | Paralysed by a floating eye for 4 turns
 58985 | Depths:2 | Paralysed by a floating eye for 2 turns
 58996 | Depths:2 | Paralysed by a floating eye for 3 turns
 59003 | Depths:2 | Paralysed by a floating eye for 4 turns
 59012 | Depths:2 | Paralysed by a floating eye for 2 turns
 59028 | Zig:1    | Entered Level 1 of a ziggurat
 59048 | Zig:2    | Entered Level 2 of a ziggurat
 59077 | Zig:3    | Entered Level 3 of a ziggurat
 59165 | Zig:3    | Reached XP level 26. HP: 195/195 MP: 23/23
 59170 | Zig:4    | Entered Level 4 of a ziggurat
 59180 | Zig:4    | Received a gift from Okawaru
 59211 | Zig:4    | Got a fine robe {god gift}
 59214 | Zig:4    | Identified the +2 robe of the Butterfly {+Fly rF+++ Slay-2 SInv} (Okawaru gifted it to you on level 4 of a ziggurat)
 59230 | Zig:5    | Entered Level 5 of a ziggurat
 59241 | Zig:5    | Gained mutation: You are clumsy. (Dex -2) [a shining eye]
 59243 | Zig:5    | Gained mutation: Scrolls take you longer to read. [a shining eye]
 59326 | Zig:5    | Got a transparent scarf
 59329 | Zig:5    | Identified the scarf of Circular Logic {+Fly} (You found it on level 5 of a ziggurat)
 59345 | Zig:6    | Entered Level 6 of a ziggurat
 59420 | Zig:6    | Identified Coustrop's Papyrus of Dislocated Lightness
 59436 | Zig:7    | Entered Level 7 of a ziggurat
 59445 | Zig:7    | Reached skill level 1 in Evocations
 59523 | Zig:8    | Entered Level 8 of a ziggurat
 59757 | Zig:8    | Got a wavering lead ring
 59761 | Zig:8    | Identified the Tome of the Toxic Birds
 59776 | Zig:8    | Identified the ring "Kograes" {*Tele Stlth+} (You found it on level 8 of a ziggurat)
 59781 | Zig:9    | Entered Level 9 of a ziggurat
 59807 | Zig:9    | Reached XP level 27. HP: 96/202 MP: 12/23
 60168 | Zig:10   | Entered Level 10 of a ziggurat
 60181 | Zig:10   | Noticed a juggernaut
 60192 | Zig:10   | Killed a juggernaut
 60404 | Zig:10   | Got a flickering marble ring
 60408 | Zig:10   | Identified the ring "Duriyr" {rF+ MR+ Str+7 Dex+2 SInv} (You found it on level 10 of a ziggurat)
 60484 | Zig:11   | Entered Level 11 of a ziggurat
 60885 | Zig:11   | Identified the Almanac of Supportive Shape Shifting
 60890 | Zig:11   | Identified Vylot's Disquisition on the Excruciating Mountains
 60924 | Zig:11   | Identified the +6 trident "Nisha" {pierce, *Drain rF+ rC+} (You found it on level 11 of a ziggurat)
 60928 | Zig:12   | Entered Level 12 of a ziggurat
 61026 | Zig:12   | Received a gift from Okawaru
 61062 | Zig:12   | Got a twisted flail {god gift}
 61063 | Zig:12   | Identified the +7 flail of the Postmodern Ships {crush, rPois rF+ Int+4} (Okawaru gifted it to you on level 12 of a ziggurat)
 61170 | Zig:12   | Identified the Compendium of Conjuration
 61180 | Zig:13   | Entered Level 13 of a ziggurat
 61201 | Zig:13   | Noticed Toptuedd the pandemonium lord
 61201 | Zig:13   | Noticed Jofutuf the pandemonium lord
 61201 | Zig:13   | Noticed Zuulaih the pandemonium lord
 61202 | Zig:13   | Noticed Jexinekk the pandemonium lord
 61202 | Zig:13   | Noticed Mezim the pandemonium lord
 61233 | Zig:13   | Noticed Buhofum the pandemonium lord
 61244 | Zig:13   | Noticed Vokuq the pandemonium lord
 61245 | Zig:13   | Noticed Gusant the pandemonium lord
 61711 | Depths:2 | Paralysed by a floating eye for 4 turns
 62122 | Depths:2 | Found a shimmering altar of Xom.
 62600 | Depths:2 | Identified Sif Muna's Disquisition on Earthen Conjuration
 62604 | Depths:2 | Got a shimmering platinum amulet
 62607 | Depths:2 | Identified the amulet "Toxothro" {Inacc rF+ rN+ Str-4} (You found it on level 2 of the Depths)
 62734 | Depths:2 | Received a gift from Okawaru
 62746 | Depths:2 | Identified a +2 pair of boots of running (Okawaru gifted it to you on level 2 of the Depths)
 63351 | Depths:3 | Found Gozag's Assorted Antiques.
 63360 | Depths:3 | Found Gozag's Antique Armour Boutique.
 63377 | Depths:3 | Found an opulent altar of Gozag.
 63388 | Depths:3 | Found Gozag's Antique Armour Shop.
 64886 | Depths:4 | Reached skill level 10 in Dodging
 64896 | Depths:4 | Noticed a juggernaut
 64910 | Depths:4 | Killed a juggernaut
 64910 | Depths:4 | Received a gift from Okawaru
 64935 | Depths:4 | Got an encrusted chain mail {god gift}
 64964 | Depths:4 | Identified the +6 chain mail "Qokeh" {rF- rN+ MR+} (Okawaru gifted it to you on level 4 of the Depths)
 65051 | Depths:4 | Got a scorched lead ring
 65054 | Depths:4 | Identified a ring of Zaupregg {+Fly rC++ Int+2 Dex+4} (You found it on level 4 of the Depths)
 65386 | Depths:4 | Identified the +5 chain mail of Busudieh {+Inv rF- rN+ Dex+5} (You found it on level 4 of the Depths)
 65762 | Depths:4 | Noticed an ancient lich
 65774 | Depths:4 | Killed an ancient lich
 65849 | Depths:4 | Noticed a juggernaut
 65863 | Depths:4 | Killed a juggernaut
 65864 | Depths:4 | Received a gift from Okawaru
 66462 | Depths:5 | Entered Level 5 of the Depths
 66843 | Depths:5 | Noticed feelmyfire's ghost (legendary DEFE)
 66867 | Depths:5 | Killed feelmyfire's ghost
 66996 | Depths:5 | Found a gate to the Realm of Zot.
 67643 | Depths:5 | Received a gift from Okawaru
 67696 | Depths:5 | Got a heavily runed crystal plate armour {god gift}
 67699 | Depths:5 | Identified the +11 crystal plate armour "Utton" {Int+2} (Okawaru gifted it to you on level 5 of the Depths)
 67995 | Vaults:5 | Entered Level 5 of the Vaults
 68420 | Vaults:5 | Noticed Jazqa's ghost (adept MiBe)
 68650 | Vaults:5 | Killed Jazqa's ghost
 68762 | Vaults:5 | Got a polished battleaxe
 68790 | Vaults:5 | Identified the Disquisition on Aid and Toxins
 68808 | Vaults:5 | Noticed Jory
 68864 | Vaults:5 | Killed Jory
 68952 | Vaults:5 | Got a wavering turquoise ring
 68954 | Vaults:5 | Identified the ring "Yxuatot" {Dex+2 Stlth+} (You found it on level 5 of the Vaults)
 68998 | Vaults:5 | Received a gift from Okawaru
 69010 | Vaults:5 | Reached skill level 27 in Maces & Flails
 69137 | Vaults:5 | Got a pair of shimmering boots {god gift}
 69150 | Vaults:5 | Identified the +2 pair of boots "Emoble" {Int+7 Stlth-} (Okawaru gifted it to you on level 5 of the Vaults)
 69457 | Vaults:5 | Noticed an ancient lich
 69464 | Vaults:5 | Killed an ancient lich
 69485 | Vaults:5 | Noticed an ancient lich
 69496 | Vaults:5 | Killed an ancient lich
 69913 | Vaults:5 | Got a translucent cloak
 69926 | Vaults:5 | Identified the +3 cloak of Unit Tebb {rN+ Str+4} (You found it on level 5 of the Vaults)
 70075 | Vaults:5 | Got a silver rune of Zot
 70109 | Vaults:5 | Identified Ybiuvele's Tome of Feathery Poison
 70116 | Vaults:5 | Got an ancient bone ring
 70175 | Vaults:5 | Received a gift from Okawaru
 70195 | Vaults:5 | Identified a ring "Olazid" {rF+ Int+2} (You found it on level 5 of the Vaults)
 70337 | Vaults:5 | Noticed Xtahua
 70353 | Vaults:5 | Killed Xtahua
 70531 | Vaults:5 | Got a warped cloak
 70542 | Vaults:5 | Identified the +2 cloak of Satisfaction {rN++ Str+4 Int-2} (You acquired it on level 5 of the Vaults)
 70863 | Depths:1 | Voluntarily entered the Abyss.
 71515 | Abyss:4  | Reached skill level 27 in Shields
 71863 | Abyss:4  | Found a glowing golden altar of the Shining One.
 71866 | Abyss:4  | Found a glowing golden altar of the Shining One.
 71868 | Abyss:4  | Noticed a juggernaut
 71876 | Abyss:4  | Killed a juggernaut
 71876 | Abyss:4  | Received a gift from Okawaru
 71877 | Abyss:4  | Got a steaming shortbow {god gift}
 71881 | Abyss:4  | Got an abyssal rune of Zot
 71905 | Abyss:5  | Entered Level 5 of the Abyss
 72101 | Depths:1 | Escaped the Abyss
 72299 | Crypt:1  | Entered Level 1 of the Crypt
 73413 | Crypt:2  | Identified the Collected Works on Enthralling Augmentations
 73519 | Crypt:2  | Noticed Sojobo
 73540 | Crypt:2  | Killed Sojobo
 73706 | Crypt:2  | Received a gift from Okawaru
 74020 | Crypt:2  | Found a transporter.
 74023 | Crypt:2  | Found a deep blue altar of Sif Muna.
 74026 | Crypt:2  | Noticed Boris
 74041 | Crypt:2  | Killed Boris
 74124 | Crypt:2  | Found a transporter.
 74465 | Crypt:3  | Entered Level 3 of the Crypt
 74643 | Crypt:3  | Noticed Bai Suzhen
 74662 | Crypt:3  | Killed Bai Suzhen
 74994 | Crypt:3  | Noticed an ancient lich
 75003 | Crypt:3  | Killed an ancient lich
 75147 | Crypt:3  | Noticed an ancient lich
 75311 | Crypt:3  | Killed an ancient lich
 75311 | Crypt:3  | Received a gift from Okawaru
 75311 | Crypt:3  | Reached skill level 27 in Fighting
 75327 | Crypt:3  | Got a translucent bone ring
 75329 | Crypt:3  | Got a smoking steel ring
 75329 | Crypt:3  | Got an ancient graven amulet
 75341 | Crypt:3  | Identified the ring of Xom's Capriciousness {rN++ Str+6 Int-3 Stlth+} (You found it on level 3 of the Crypt)
 75343 | Crypt:3  | Identified the ring "Zamisorch" {rN+ Int+4} (You found it on level 3 of the Crypt)
 75345 | Crypt:3  | Identified the amulet of Agnosticism {*Contam rN+ Regen+ Str+7 SInv} (You found it on level 3 of the Crypt)
 75349 | Crypt:3  | Got a slimy brass ring
 75350 | Crypt:3  | Identified the ring of Virer {rF+ rN+ MR- Stlth+} (You found it on level 3 of the Crypt)
 75359 | Crypt:3  | Got a glittering granite ring
 75360 | Crypt:3  | Identified the ring "Dotapn" {rPois MP-9 Dex+6 Stlth-} (You found it on level 3 of the Crypt)
 75553 | Crypt:3  | Found a staircase to the Tomb.
 75665 | Tomb:1   | Entered Level 1 of the Tomb of the Ancients
 75940 | Tomb:1   | Noticed a greater mummy
 75954 | Tomb:1   | Killed a greater mummy
 76087 | Tomb:1   | Noticed a greater mummy
 76099 | Tomb:1   | Killed a greater mummy
 76099 | Tomb:1   | Received a gift from Okawaru
 76116 | Tomb:1   | Identified the +6 scale mail "Oman" {rF+++ rN+ Slay-5 Stlth+} (Okawaru gifted it to you on level 1 of the Tomb of the Ancients)
 76247 | Tomb:2   | Noticed a greater mummy
 76254 | Tomb:2   | Noticed a greater mummy
 76254 | Tomb:2   | Noticed a greater mummy
 76254 | Tomb:2   | Noticed a greater mummy
 76757 | Tomb:1   | Noticed Mara
 76764 | Tomb:1   | Noticed markt42's illusion
 76793 | Tomb:1   | Killed Mara
 78598 | Hell     | Entered the Vestibule of Hell
 78598 | Hell     | Noticed Geryon
 78630 | Hell     | Gained mutation: You occasionally shout uncontrollably at your foes. [a cacodemon]
 79173 | Hell     | Gained mutation: Your magical capacity is low. (-10% MP) [a cacodemon]
 79578 | Hell     | Killed Geryon
 79887 | Hell     | Found a gateway to the ashen valley of Gehenna.
 79913 | Hell     | Found a gateway to the decaying netherworld of Tartarus.
 79966 | Hell     | Found a gateway to the freezing wastes of Cocytus.
 80023 | Hell     | Found a gateway to the Iron City of Dis.
 80086 | Coc:1    | Entered Level 1 of Cocytus
 80269 | Coc:7    | Entered Level 7 of Cocytus
 80506 | Coc:7    | Received a gift from Okawaru
 80588 | Coc:7    | Received a gift from Okawaru
 80813 | Coc:7    | Reached skill level 27 in Armour
 80867 | Coc:7    | Reached skill level 5 in Evocations
 80953 | Coc:7    | Received a gift from Okawaru
 81088 | Coc:7    | Reached skill level 10 in Evocations
 81564 | Coc:7    | Received a gift from Okawaru
 81606 | Coc:7    | Noticed Antaeus
 82150 | Coc:7    | Killed Antaeus
 82228 | Coc:7    | Got an icy rune of Zot
 82430 | Tar:1    | Entered Level 1 of Tartarus
 82839 | Tar:2    | You are sucked into a shaft for 2 floors!
 82963 | Tar:5    | Reached skill level 15 in Evocations
 83080 | Tar:6    | Received a gift from Okawaru
 83189 | Tar:7    | Entered Level 7 of Tartarus
 83568 | Tar:7    | Cast into level 5 of the Abyss (the eldritch tentacle)
 83568 | Abyss:5  | Entered Level 5 of the Abyss
 83613 | Abyss:5  | Found a hide-covered altar of Uskayaw.
 83623 | Tar:7    | Escaped the Abyss
 84074 | Tar:7    | Noticed Ereshkigal
 84682 | Tar:7    | Received a gift from Okawaru
 85127 | Tar:7    | Got a faintly humming plate armour
 85130 | Tar:7    | Identified the +4 plate armour "Romyseno" {-Cast -Tele rPois Int+9 SInv} (You found it on level 7 of Tartarus)
 85465 | Tar:7    | Received a gift from Okawaru
 86384 | Tar:7    | Gained mutation: Your magical capacity is very low. (-20% MP) [a neqoxec]
 86468 | Tar:7    | Got a brightly glowing brass ring
 86471 | Tar:7    | Identified the cursed ring of Iwoelon {rC- rN+ MP+9 AC-5 Stlth+} (You found it on level 7 of Tartarus)
 87039 | Tar:7    | Received a gift from Okawaru
 87562 | Tar:7    | Killed Ereshkigal
 87622 | Tar:7    | Got a transparent chain mail
 87630 | Tar:7    | Got a bone rune of Zot
 87638 | Tar:7    | Identified the +12 chain mail of the Chupacabra {Dex+7} (You found it on level 7 of Tartarus)
 87854 | Geh:1    | Entered Level 1 of Gehenna
 88698 | Geh:7    | Entered Level 7 of Gehenna
 89770 | Geh:7    | Received a gift from Okawaru
 89956 | Geh:7    | Identified the Grimoire of Dislocation and Execration
 90020 | Geh:7    | Noticed Asmodeus
 90095 | Geh:7    | Killed Asmodeus
 90454 | Geh:7    | Received a gift from Okawaru
 90868 | Geh:7    | Got an obsidian rune of Zot
 90875 | Geh:7    | Identified the Disquisition on Shifting Evil
 90999 | Geh:7    | Gained mutation: You are dopey. (Int -2) [a cacodemon]
 91005 | Geh:7    | Gained mutation: You are very dopey. (Int -4) [a cacodemon]
 91103 | Dis:1    | Entered Level 1 of the Iron City of Dis
 91147 | Dis:2    | Received a gift from Okawaru
 91162 | Dis:2    | Got a scorched eveningstar {god gift}
 91168 | Dis:2    | Identified the +1 eveningstar of Xycacw {crush, Str+7} (Okawaru gifted it to you on level 2 of the Iron City of Dis)
 91694 | Dis:6    | Received a gift from Okawaru
 91695 | Dis:6    | Got a pair of faintly humming gloves {god gift}
 91706 | Dis:6    | Identified the -6 pair of gloves of the Arcane {rElec MR+ Str+3} (Okawaru gifted it to you on level 6 of the Iron City of Dis)
 92034 | Dis:7    | Entered Level 7 of the Iron City of Dis
 92222 | Dis:7    | Got a wavering copper amulet
 92851 | Dis:7    | Noticed the Serpent of Hell
 92868 | Dis:7    | Killed the Serpent of Hell
 92934 | Dis:7    | Received a gift from Okawaru
 92935 | Dis:7    | Got a polished large shield {god gift}
 92946 | Dis:7    | Identified the +8 large shield of the Curious Shrikes {rF++ rC- rCorr} (Okawaru gifted it to you on level 7 of the Iron City of Dis)
 93102 | Dis:7    | Noticed Thaneod's ghost (legendary MiFi)
 93110 | Dis:7    | Lost intelligence.
 93431 | Dis:7    | Gained mutation: You expend magic power (3 MP) to strengthen your wands. [a cacodemon]
 93575 | Dis:7    | Killed Thaneod's ghost
 93674 | Dis:7    | Reached skill level 15 in Dodging
 94536 | Dis:7    | HP: 1/224 [Brimstone Fiend/damnation (41)]
 94542 | Dis:7    | Killed from afar by a Hell Sentinel

Skill      XL: |  1  2  3  4  5  6  7  8  9 10 11 12 13 14 15 16 17 18 19 20 21 22 23 24 25 26 27 |
---------------+----------------------------------------------------------------------------------+-----
Maces & Flails | 3 4 6 7 9 11 12 13 14 16 17 18 19 20 21 22 23 24 27 | 27.0
Armour         | 4 5 7 8 9 10 11 12 13 14 15 16 17 18 19 20 27 | 27.0
Shields        | 4 5 6 7 8 9 11 12 13 14 15 16 17 18 19 20 21 22 27 | 27.0
Fighting       | 4 5 6 7 8 9 10 12 13 14 15 16 17 18 19 20 27 | 27.0
Dodging        | 1 2 3 4 5 6 7 8 9 16 | 16.3
Evocations     | 1 25 | 25.0
Invocations    | |  0.4

Action                   |  1- 3 |  4- 6 |  7- 9 | 10-12 | 13-15 | 16-18 | 19-21 | 22-24 | 25-27 || total
-------------------------+-------+-------+-------+-------+-------+-------+-------+-------+-------++-------
Melee: Flail             |    89 |   294 |    75 |       |       |       |       |       |       ||   458
       Mace              |       |       |   417 |  1175 |  1111 |       |       |       |       ||  2703
       Morningstar       |       |       |       |     4 |       |       |       |       |       ||     4
       Eveningstar       |       |       |       |       |  1047 |  1788 |  1745 |  2118 |  8573 || 15271
Invok: Finesse           |       |       |       |       |       |       |     1 |       |       ||     1
 Abil: Fly               |       |       |       |       |     1 |       |       |       |       ||     1
Evoke: Wand              |       |       |     1 |       |     4 |       |       |     4 |    20 ||    29
  Use: Potion            |       |     8 |       |    11 |     6 |     5 |     8 |    10 |    64 ||   112
       Scroll            |       |       |    10 |    12 |    14 |    14 |    21 |    13 |    60 ||   144
 Stab: Petrified         |       |       |       |       |     6 |       |     5 |       |       ||    11
       Petrifying        |       |       |       |       |       |       |     1 |       |       ||     1
       Invisible         |       |       |       |       |       |       |       |       |     4 ||     4
       Distracted        |       |       |       |       |       |       |       |       |     3 ||     3
       Sleeping          |       |       |       |       |       |       |       |       |     1 ||     1
  Eat: Chunk             |       |     6 |    11 |    21 |    34 |    25 |    18 |    16 |    35 ||   166
       Royal jelly       |       |     1 |       |     2 |       |     1 |     1 |     3 |     3 ||    11
       Fruit             |       |       |     5 |       |     1 |       |       |       |     1 ||     7
       Bread ration      |       |       |       |     1 |       |       |       |       |     2 ||     3
       Meat ration       |       |       |       |       |       |     1 |     3 |     5 |    15 ||    24
Armor: Scale mail        |    63 |   107 |       |       |       |       |       |       |       ||   170
       Chain mail        |       |   138 |   298 |   528 |   514 |   815 |   865 |   954 |  1046 ||  5158
       Plate armour      |       |       |       |   157 |   776 |       |       |       |       ||   933
       Skin              |       |       |       |       |       |     6 |       |     4 |     1 ||    11
       Crystal plate arm |       |       |       |       |       |       |       |       |  2905 ||  2905
Dodge: Dodged            |    33 |    77 |   130 |   349 |   653 |   508 |  1036 |  1247 |  4042 ||  8075
Block: Shield            |    59 |   203 |   281 |   790 |  1429 |  1097 |  1671 |  1940 | 10169 || 17639
       Large shield      |       |       |       |       |       |       |       |       |   657 ||   657
